 Dungeon Crawl Stone Soup version 0.31.0-11-ge490571c62 (webtiles) character file.

Game seed: 18184671413326993911

7 Arctor the Digger (level 1, 0/10 HPs)
             Began as a Deep Elf Earth Elementalist on Jan 31, 2024.
             Slain by a jackal (2 damage)
             ... on level 1 of the Dungeon.
             The game lasted 00:00:07 (93 turns).

Arctor the Digger (Deep Elf Earth Elementalist)       Turns: 93, Time: 00:00:08

Health: 0/10       AC:  2    Str:  5    XL:     1   Next: 83%
Magic:  3/6        EV: 12    Int: 19    God:
Gold:   24         SH:  0    Dex: 15    Spells: 5/6 levels left

rFire   . . .        (no weapon)
rCold   . . .        (no shield)
rNeg    . . .        a - +0 robe
rPois   .            (no helmet)
rElec   .            (no cloak)
rCorr   .            (no gloves)
SInv    .            (no boots)
Will    .....        (no amulet)
Stlth   ++           (no ring)
HPRegen 0.21/turn    (no ring)
MPRegen 0.10/turn

%: no passive effects
@: no status effects
A: no striking features
a: no special abilities


You were on level 1 of the Dungeon.
You visited 1 branch of the dungeon, and saw 1 of its levels.

You collected 24 gold pieces.

Inventory:

Armour
 a - a +0 robe (worn)
Potions
 b - a potion of magic


   Skills:
 + Level 2.6 Dodging
 + Level 2.6 Stealth
 + Level 3.1 Spellcasting
 + Level 1.3 Conjurations
 + Level 3.4 Earth Magic


You had 5 spell levels left.
You knew the following spells:

 Your Spells              Type           Power      Damage    Failure   Level
a - Sandblast             Erth           30%        2d9       3%          1

Your spell library contained the following spells:

 Spells                   Type           Power      Damage    Failure   Level
 Passwall                 Erth           15%        N/A       11%         3
 Stone Arrow              Conj/Erth      24%        3d8       17%         3
 Brom's Barrelling Bould  Conj/Erth      12%        2d4       50%         4
 Petrify                  Alch/Erth      9%         N/A       58%         4


Dungeon Overview and Level Annotations

Branches:
Dungeon (1/15)

Altars:


Message History

A hobgoblin comes into view.
The hobgoblin shouts!
The jackal barely misses you.
You miss the jackal. The jackal closely misses you.
The jackal completely misses you. The jackal misses you.
A kobold comes into view. It is wielding a +0 dagger.
A goblin comes into view. It is wielding a +0 club.
There are monsters nearby!
You miss the jackal. The jackal barely misses you.
The jackal closely misses you. The jackal bites you.
The jackal completely misses you. The jackal barely misses you.
The jackal misses you.
The blast of sand hits the jackal!
You kill the jackal!
The goblin shouts!
The kobold shouts!
The jackal misses you.
The jackal bites you but does no damage.
The jackal closely misses you. The jackal bites you.
The blast of sand hits the rat!
You kill the rat!
The jackal bites you but does no damage.
The jackal bites you.
A rat comes into view.
A giant cockroach comes into view.
The jackal bites you. The jackal closely misses you.
You are too injured to fight recklessly!
You are too injured to fight recklessly!
You are too injured to fight recklessly!
Unknown command.
There are monsters nearby!
There are monsters nearby!
There are monsters nearby!
The jackal barely misses you.
The jackal bites you but does no damage.
The jackal barely misses you.
A goblin comes into view. It is wielding a +0 club.
The jackal bites you.
* * * LOW HITPOINT WARNING * * *
A jackal comes into view.
The jackal bites you.
You die...

......>..####.....#..+..#
...................######.
B.........##########......
..........# #.##+#.
..........# # #.
.....g....####### #. #.
......K.......... #.#####
........g........ #......
##.....h@....### #......
#.....h.....# ####'##
##......##### #...#
#...†#.# #...# #....#.#
#.<.# ........# #...#
..r......# #####
...g...h.#


You could see 3 jackals, a hobgoblin, 2 goblins, a kobold and a rat.

Vanquished Creatures
  A giant cockroach (D:1)
  A goblin (D:1)
  2 jackals (D:1)
  A frilled lizard (D:1)
  A rat (D:1)
6 creatures vanquished.

Notes
Turn   | Place    | Note
-------+----------+-------------------------------------------
     0 | D:1      | Arctor the Deep Elf Earth Elementalist began the quest for
                  | the Orb.
     0 | D:1      | Reached XP level 1. HP: 10/10 MP: 6/6
    93 | D:1      | Slain by a jackal

Illustrated notes

Levels and vault maps discovered:
D:1:      dpeg_arrival_erosion, layout_rooms

Action                     || total
---------------------------++-------
  Melee: Unarmed           ||     4
   Cast: Sandblast         ||     7
   Stab: Distracted        ||     1
 Armour: Robe              ||    10
  Dodge: Dodged            ||    16
